 Dungeon Crawl Stone Soup version 0.30-a0-772-g5528072125 (webtiles) character file.

Game seed: 10312713812181670676

702 demibob the Grappler (level 7, -2/57 HPs)
             Began as a Ghoul Monk on Feb 13, 2023.
             Was a Believer of Makhleb.
             Slain by a killer bee (9 damage)
             ... on level 5 of the Dungeon.
             The game lasted 00:07:46 (4756 turns).

demibob the Grappler (Ghoul Monk)                   Turns: 4756, Time: 00:07:46

Health: -2/57      AC:  2    Str: 21    XL:     7   Next: 66%
Magic:  6/6        EV: 12    Int:  5    God:    Makhleb [**....]
Gold:   216        SH:  0    Dex: 13    Spells: 6/6 levels left

rFire   . . .      SeeInvis .      - Unarmed
rCold   + . .      Faith    .    (no shield)
rNeg    + + +      Spirit   .    a - +0 robe
rPois   ∞          Reflect  .    (no helmet)
rElec   .          Harm     .    (no cloak)
rCorr   .          Rampage  .    (no gloves)
Will    .....                    (no boots)
Stlth   ++                       (no amulet)
HPRegen 0.00/turn                S - +6 ring of strength
MPRegen 0.10/turn                (no ring)

@: inhibited regen
A: claws 1, cold resistance 1, negative energy resistance 3, inhibited
regeneration, torment resistance 2, devour on kill
a: Renounce Religion, Minor Destruction


You were on level 5 of the Dungeon.
You worshipped Makhleb.
Makhleb was pleased with you.
You visited 2 branches of the dungeon, and saw 6 of its levels.

You collected 216 gold pieces.


Innate Abilities, Weirdness & Mutations

You are immune to poison.
You have sharp fingernails.
Your flesh is cold resistant. (rC+)
You are immune to negative energy. (rN+++)
You do not regenerate when monsters are visible.
You are immune to unholy pain and torment.
You thrive by killing the living.


   Skills:
 - Level 3.2 Fighting
 - Level 2.6 Dodging
 - Level 2.1 Stealth
 + Level 9.6 Unarmed Combat


You had 6 spell levels left.
You didn't know any spells.
Your spell library contained the following spells:

 Spells                   Type           Power      Damage    Failure   Level
 Ignite Poison            Fire/Tmut/Pois 0%         N/A       85%         3
 Cause Fear               Hex            0%         N/A       99%         4

Inventory:

Missiles
 c - 3 throwing nets {=f}
 m - 10 poisoned darts
Armour
 a - a +0 robe (worn)
 l - the +2 pair of gloves of the Maze {Will+ Regen+ Int+3}
   (You found it on level 4 of the Dungeon)

   Int:       It affects your intelligence (+3).
   Regen:     It increases your rate of health regeneration.
   Will:      It increases your willpower.
 n - a +0 pair of boots
Jewellery
 S - a +6 ring of strength (left claw)
Wands
 b - a wand of charming (3)
 g - a wand of digging (2)
Scrolls
 e - 2 scrolls of vulnerability
 j - a scroll of identify {@r1}
 k - a scroll of poison
Potions
 d - a potion of mutation
 f - 2 potions of brilliance
 i - 3 potions of flight

Dungeon Overview and Level Annotations

Branches:
Dungeon (5/15)             Temple (1/1) D:5

Altars:
Ashenzari
Cheibriados
Dithmenos
Fedhas
Makhleb
Nemelex Xobeh
Okawaru
Ru
Trog
Wu Jian
Xom
Yredelemnul

Annotations:
D:3 3 runed translucent doors, HilariousDeathArtist's ghost, weakling GnFi

#.# #.....###....~≈~.▒
#.# #######
#....≈≈▒▒▒'▒ #.#
#...P≈≈▒...▒▒▒▒ #.#
#....≈≈▒.oo▒... #.#
#....~≈▒▒▒▒▒~≈~ #.#
#....≈≈≈≈≈≈≈≈≈≈ #<#
#....≈~≈~~≈≈~~~ ###
########....P.........
#....@yyh.............
######################


You could see 2 killer bees and a jackal.


Message History

The killer bee stings you.
The killer bee attacks as you move away!
The killer bee completely misses you. The killer bee stings you!
* * * LOW HITPOINT WARNING * * *
You are too injured to fight recklessly!
You scratch the killer bee.
The killer bee is almost dead.
The killer bee barely misses you. The killer bee stings you.
* * * LOW HITPOINT WARNING * * *
You barely miss the killer bee.
The killer bee is almost dead.
The killer bee stings you!
* * * LOW HITPOINT WARNING * * *
The killer bee stings you.
* * * LOW HITPOINT WARNING * * *
You scratch the killer bee but do no damage.
The killer bee is almost dead.
The killer bee closely misses you.
It was a potion of heal wounds.
You feel much better. The killer bee closely misses you.
The killer bee stings you!
* * * LOW HITPOINT WARNING * * *
You scratch the killer bee.
The killer bee is almost dead.
The killer bee closely misses you. The killer bee stings you!
* * * LOW HITPOINT WARNING * * *
You claw the killer bee!
You kill the killer bee!
Makhleb accepts your kill.
You feel better. The killer bee stings you!
You die...

Skill      XL: |  1  2  3  4  5  6  7 |
---------------+----------------------+-----
Unarmed Combat | 4 5 6 7 8 9 |  9.6
Fighting       | |  3.2
Dodging        | |  2.6
Stealth        | |  2.1

Action                     |  1- 3 |  4- 6 |  7- 9 || total
---------------------------+-------+-------+-------++-------
  Melee: Unarmed           |   107 |   175 |    96 ||   378
         Punch             |     2 |     6 |     4 ||    12
  Evoke: Wand              |       |       |     1 ||     1
    Use: Scroll            |     1 |     9 |     1 ||    11
         Potion            |       |     4 |     1 ||     5
   Stab: Sleeping          |     5 |     8 |       ||    13
 Armour: Robe              |     8 |    14 |     9 ||    31
  Dodge: Dodged            |    51 |    84 |    44 ||   179

Levels and vault maps discovered:
D:1:      dpeg_arrival_stonehenge_12_columns, layout_basic
D:2:      layout_rooms, basic_altar, nicolae_elevator_lobby_plus, uniq_jessica
D:3:      layout_basic, ebering_ghost_rock_garden
D:4:      layout_loops_corners, nicolae_tso_carved_into_rock, serial_glass,
          glass_columns_a, glass_columns_c
D:5:      lemuel_castle_with_subvaults [lemuel_castle_interior_carwin_1],
          layout_basic, minmay_temple_entry_junction, uniq_ijyb
Temple:   nicolae_temple_two_arcs

Notes
Turn   | Place    | Note
-------+----------+-------------------------------------------
     0 | D:1      | demibob the Ghoul Monk began the quest for the Orb.
     0 | D:1      | Reached XP level 1. HP: 19/19 MP: 0/0
   153 | D:1      | Reached XP level 2. HP: 20/26 MP: 1/1
   197 | D:1      | Reached skill level 4 in Unarmed Combat
   524 | D:1      | Reached XP level 3. HP: 31/31 MP: 2/2
  1046 | D:2      | Found a snail-covered altar of Cheibriados.
  1049 | D:2      | Noticed Jessica
  1059 | D:2      | Killed Jessica
  1060 | D:2      | Reached skill level 5 in Unarmed Combat
  1060 | D:2      | Reached XP level 4. HP: 15/38 MP: 3/3
  1505 | D:3      | Got Akhaucw's Book of Guile and Causimancy
  1775 | D:3      | Reached skill level 6 in Unarmed Combat
  2069 | D:3      | Found a runed translucent gate.
  2070 | D:3      | Found a runed translucent gate.
  2070 | D:3      | Found a runed translucent gate.
  2071 | D:3      | Noticed HilariousDeathArtist's ghost (weakling GnFi)
  2220 | D:4      | Reached XP level 5. HP: 45/45 MP: 4/4
  2348 | D:4      | Identified the +2 pair of gloves of the Maze {Will+ Regen+
                  | Int+3}
  2610 | D:4      | HP: 4/45 [gnoll bouda/+0 whip (5)]
  2617 | D:4      | HP: 3/45 [gnoll/+0 club[a gnoll bouda] (4)]
  2886 | D:4      | Reached skill level 7 in Unarmed Combat
  3109 | D:4      | Reached XP level 6. HP: 37/51 MP: 5/5
  3497 | D:5      | Entered Level 5 of the Dungeon
  3518 | D:5      | Noticed a black bear
  3544 | D:5      | Killed a black bear
  3545 | D:5      | Reached skill level 8 in Unarmed Combat
  3691 | D:5      | Reached XP level 7. HP: 27/57 MP: 6/6
  3985 | D:5      | Reached skill level 9 in Unarmed Combat
  4229 | D:5      | Found a staircase to the Ecumenical Temple.
  4255 | Temple   | Entered the Ecumenical Temple
  4403 | Temple   | Became a worshipper of Makhleb the Destroyer
  4403 | Temple   | Reached * piety under Makhleb
  4403 | Temple   | Reached ** piety under Makhleb
  4752 | D:5      | HP: 1/57 [killer bee (5)]
  4756 | D:5      | Slain by a killer bee

Vanquished Creatures
  A black bear (D:5)
  A killer bee (D:5)
  A howler monkey (D:5)
  A hound (D:5)
  A gnoll bouda (D:4)
  2 jellies
  Jessica (D:2)
  2 iguanas (D:5)
  3 orc wizards (D:5)
  7 adders
  11 gnolls
  A worm (D:3)
  2 dart slugs
  23 orcs
  6 endoplasms
  5 giant cockroaches
  5 goblins
  4 hobgoblins
  10 jackals
  3 quokkas
  8 ball pythons
  4 bats
  5 frilled lizards
  3 kobolds
  7 rats
117 creatures vanquished.

Table legend: (Time is in decaauts)
 A = Elapsed time spent in this place.
 B = Non-inter-level travel time spent in this place.
 C = Inter-level travel time spent in this place.
 D = Time resting spent in this place.
 E = Time spent auto-exploring this place.
 F = Levels seen in this place.
 G = Mean time per level.
                   A        B        C        D        E       F      G
               +--------+--------+--------+--------+--------+-----+--------+
         Total |   4710 |   4580 |    130 |    143 |   3524 |   6 |  785.0 |
       Dungeon |   4553 |   4433 |    120 |    143 |   3391 |   5 |  910.6 |
        Temple |    157 |    147 |     10 |      0 |    133 |   1 |  157.0 |
               +--------+--------+--------+--------+--------+-----+--------+

Top non-repeatable levels by time:
     D:4: 1275 daAuts
     D:5: 1083 daAuts
     D:1: 944 daAuts
     D:3: 823 daAuts
     D:2: 426 daAuts
  Temple: 157 daAuts

Table legend:
 A = Non-vault XP
 B = Vault XP
 C = Vault XP percentage of total XP
 D = Non-vault monster count
 E = Vault monster count
 F = Vault count percentage of total count
                 A         B        C        D         E       F
            +---------+---------+-------+---------+---------+-------
      Total |     909 |     157 |  14.7 |      96 |      21 |  17.9
            +---------+---------+-------+---------+---------+-------
        D:1 |      50 |       0 |   0.0 |      30 |       0 |   0.0
        D:2 |      28 |      37 |  56.9 |      10 |       1 |   9.1
        D:3 |      46 |       0 |   0.0 |      17 |       0 |   0.0
        D:4 |     228 |       0 |   0.0 |      22 |       0 |   0.0
        D:5 |     557 |     120 |  17.7 |      17 |      20 |  54.1
            +---------+---------+-------+---------+---------+-------
